[Event "Team 45 45 League T54"]
[Site "Internet Chess Club"]
[Date "2012.08.17"]
[Round "1"]
[White "Tjet"]
[Black "caglar"]
[Result "1/2-1/2"]
[WhiteElo "1407"]
[BlackElo "1418"]
[Opening "English opening"]
[ECO "A20"]
[Time "13:00:12"]
[TimeControl "2700+45"]

1. c4 e5 2. g3 Nf6 3. Bg2 Bc5 4. e3 d6 5. Ne2 Be6 6. b3 Nc6 7. O-O Qd7 8. d4
exd4 9. exd4 Bb6 10. d5 Bg4 11. dxc6 bxc6 12. Nbc3 O-O-O 13. Bg5 Rde8 14. Bxf6
gxf6 15. b4 Qe6 16. Re1 Bxf2+ 17. Kxf2 Qe3+ 18. Kf1 Re5 19. Qd4 Rf5+ 20. Qf4
Rxf4+ 21. gxf4 Bxe2+ 22. Nxe2 Rg8 23. Bxc6 Qh3+ 24. Kf2 Qxh2+ 25. Ke3 h5 26. b5
Qh3+ 27. Kd2 Qe6 28. Bd5 Qf5 29. a4 h4 30. a5 h3 31. b6 a6 32. bxc7 Kxc7 33.
Rab1 Rb8 34. Rxb8 Kxb8 35. Rh1 Kc7 36. Ke3 {Game drawn by mutual agreement}
1/2-1/2

[Event "Team 45 45 League T54"]
[Site "Internet Chess Club"]
[Date "2012.08.20"]
[Round "1"]
[White "rayonline53"]
[Black "kllrchris"]
[Result "1/2-1/2"]
[WhiteElo "1559"]
[BlackElo "1707"]
[Opening "Sicilian: dragon variation"]
[ECO "B73"]
[Time "15:01:54"]
[TimeControl "2700+45"]

1. e4 c5 2. Nf3 d6 3. d4 cxd4 4. Nxd4 Nf6 5. Nc3 g6 6. Be2 Bg7 7. O-O O-O 8. Be3
Nc6 9. Kh1 d5 10. exd5 Nxd5 11. Nxd5 Nxd4 12. Nc3 Nxe2 13. Qxe2 Qa5 14. Nd1 Bd7
15. Re1 Bc6 16. Qd2 Qh5 17. Qe2 Qh4 18. f3 Be5 19. Bg1 Bf6 20. Bf2 Qh5 21. c3 a6
22. Bg3 Rad8 23. Nf2 Bh4 24. Bxh4 Qxh4 25. Rad1 Rxd1 26. Rxd1 h5 27. Rd4 Qg5 28.
Qd2 Qf5 29. Qd3 Qe6 30. Qd2 Qxa2 31. h3 a5 32. Ne4 a4 33. Kh2 e5 34. Rd8 Bxe4
35. fxe4 Rxd8 36. Qxd8+ Kg7 37. Qc7 Qxb2 38. Qxe5+ Kh7 39. Qc7 Kg7 40. Qe5+ Kh6
41. Qf4+ Kg7 42. Qe5+ Kg8 43. Qe8+ Kg7 44. Qe5+ Kh7 45. Qd5 Qb3 46. c4 a3 47.
Qxf7+ Kh6 48. Qf8+ Kg5 49. h4+ Kg4 50. Qc8+ Kxh4 51. Qd8+ g5 52. Qd6 a2 53. g3+
Kg4 54. Qe6+ Kf3 55. Qf5+ Ke2 56. Kg2 a1=Q 57. Qf2+ Kd3 58. Qf3+ Kxc4 59. Qf7+
Kc3 60. Qf6+ Kd3 61. Qxa1 Qc2+ 62. Kg1 Kxe4 63. Qe1+ Kd3 64. Qe5 Qd1+ 65. Kf2
Qd2+ 66. Kf1 Qd1+ 67. Kf2 Qd2+ 68. Kf1 Qe3 69. Qd5+ Qd4 70. Qb3+ Ke4 71. Qxb7+
Ke3 72. Qe7+ Kf3 73. Qe2+ Kxg3 74. Qg2+ Kf4 75. Qh2+ Kg4 76. Qg2+ Kf5 77. Qc2+
Qe4 78. Qc8+ Kf4 79. Qc7+ Kf3 80. Qc3+ Qe3 81. Qf6+ Qf4 82. Qc3+ Kg4+ 83. Kg2 h4
84. Qh3+ Kh5 85. Qd3 Qf7 86. Qe2+ g4 87. Qe5+ Kg6 88. Qe4+ Qf5 89. Qe8+ Kg5 90.
Qe7+ Kf4 91. Qxh4 Qe4+ 92. Kg1 Qe3+ 93. Kg2 Qf3+ 94. Kh2 Qe2+ 95. Kg1 Kf3 96.
Qf6+ Kg3 97. Qd6+ Kh3 98. Qh6+ Kg3 99. Qd6+ Kf3 100. Qf6+ Ke3 101. Qe5+ Kd3 102.
Qxe2+ Kxe2 103. Kg2 Ke3 104. Kg3 Ke2 105. Kxg4 {Game drawn because neither
player has mating material} 1/2-1/2

[Event "Team 45 45 League T54"]
[Site "Internet Chess Club"]
[Date "2012.08.18"]
[Round "1"]
[White "alexhan"]
[Black "nursey"]
[Result "1-0"]
[WhiteElo "1731"]
[BlackElo "1599"]
[Opening "QGD: Tartakower (Makagonov-Bondarevsky) system"]
[ECO "D58"]
[Time "15:31:13"]
[TimeControl "2700+45"]

1. d4 d5 2. c4 e6 3. Nc3 Nf6 4. Bg5 Be7 5. Nf3 O-O 6. e3 h6 7. Bh4 b6 8. Bd3 c5
9. O-O cxd4 10. Nxd4 e5 11. Nde2 d4 12. Bxf6 Bxf6 13. Be4 dxc3 14. Nxc3 Nc6 15.
Bxc6 Qxd1 16. Rfxd1 Bg4 17. f3 Rac8 18. Bd5 Bd7 19. Ne4 Rfd8 20. Nd6 Rc7 21.
Nxf7 Rb8 22. Nxe5+ Kf8 23. Nxd7+ Rxd7 24. Rd2 Re8 25. Re2 Red8 26. e4 Bd4+ 27.
Kf1 Be5 28. Rd1 Bxh2 29. b4 Bd6 30. a3 Ke7 31. e5 Bc7 32. e6 Rd6 33. a4 a5 34.
bxa5 bxa5 35. Rb1 g6 36. Rb7 Rc8 37. Reb2 Rdd8 38. R2b6 Re8 39. Bc6 Red8 40. Ra6
Rd2 41. Bd7 Rb8 42. Rxb8 Bxb8 43. Rxa5 Bc7 44. Rb5 Ra2 45. Rd5 Rc2 46. c5 Rc1+
47. Kf2 Rc2+ 48. Kf1 Rc1+ 49. Ke2 Rc2+ 50. Kd3 Rxg2 51. Bc8 Bf4 52. Ke4 Bg5 53.
Rd6 Rc2 54. Rd7+ Ke8 55. a5 Rxc5 56. a6 Rc4+ 57. Kd5 Rxc8 58. Rg7 Rd8+ 59. Kc6
Be3 60. a7 Bxa7 61. Rxa7 Rd3 62. f4 Rd4 63. Rf7 Re4 64. Kd5 Re1 65. Rg7 Rd1+ 66.
Ke5 Rg1 67. Kf6 Kd8 68. Rg8+ Kc7 69. e7 Re1 70. e8=Q Rxe8 71. Rxe8 Kd7 72. Rh8
g5 73. f5 g4 74. Rxh6 g3 75. Rg6 Kd6 76. Rxg3 Kd7 77. Rd3+ Kc7 78. Ke6 {Black
resigns} 1-0

[Event "Team 45 45 League T54"]
[Site "Internet Chess Club"]
[Date "2012.08.17"]
[Round "1"]
[White "Kristian1974"]
[Black "vollmerj"]
[Result "0-1"]
[WhiteElo "1646"]
[BlackElo "1609"]
[Opening "Dutch"]
[ECO "A80"]
[Time "06:23:47"]
[TimeControl "2700+45"]

1. d4 f5 2. Nf3 g6 3. h4 Nf6 4. h5 Nxh5 5. Rxh5 gxh5 6. e4 d6 7. Ng5 c6 8. Qxh5+
Kd7 9. Bc4 fxe4 10. Ne6 Qb6 11. Qf5 Qb4+ 12. Nd2 d5 13. Nxf8+ Kd8 14. Qf7 dxc4
15. Qg7 Rxf8 16. Qxf8+ Kd7 17. c3 Qd6 18. Nxc4 Qf6 19. Ne5+ Kc7 20. Qe8 b6 21.
g3 Kb7 22. Bf4 Bf5 23. Nf7 Nd7 24. Nd8+ Ka6 25. Be5 Nxe5 26. dxe5 Qxe5 27. Nxc6
Qxc3+ 28. bxc3 Rxe8 29. Nb4+ Kb7 30. Rb1 Rc8 31. Nd5 e6 32. Ne3 Rxc3 33. Rd1 a5
34. Rd7+ Rc7 35. Rd6 Ka6 36. g4 Bg6 37. Rxe6 Rc5 38. Nd5 Rxd5 {White resigns}
0-1

[Event "Team 45 45 League T54"]
[Site "Internet Chess Club"]
[Date "2012.08.17"]
[Round "1"]
[White "medsurg"]
[Black "oldprez"]
[Result "0-1"]
[WhiteElo "1384"]
[BlackElo "1466"]
[Opening "Pirc: classical (two knights) system"]
[ECO "B08"]
[Time "22:00:47"]
[TimeControl "2700+45"]

1. d4 Nf6 2. Nc3 g6 3. e4 d6 4. Nf3 Bg7 5. Be3 O-O 6. Qd2 Re8 7. O-O-O Nbd7 8.
h4 c5 9. Bh6 cxd4 10. Nxd4 Bh8 11. h5 Ne5 12. hxg6 fxg6 13. Bb5 Bd7 14. Bxd7
Qxd7 15. Bg5 Nc4 16. Qf4 Qg4 17. Rh4 Qxf4+ 18. Bxf4 e5 19. Ndb5 exf4 20. Nc7
Rac8 21. Nxe8 Rxe8 22. Rd4 b5 23. Rxf4 Nh5 {White resigns} 0-1

[Event "Team 45 45 League T54"]
[Site "Internet Chess Club"]
[Date "2012.08.20"]
[Round "1"]
[White "QueensCounselor"]
[Black "steadman"]
[Result "1-0"]
[WhiteElo "2100"]
[BlackElo "2119"]
[Opening "King's Indian: fianchetto, Panno variation"]
[ECO "E63"]
[Time "11:00:42"]
[TimeControl "2700+45"]

1. d4 Nf6 2. c4 g6 3. Nc3 Bg7 4. Nf3 d6 5. g3 O-O 6. Bg2 Nc6 7. O-O a6 8. b3 Rb8
9. Bb2 b5 10. cxb5 axb5 11. Rc1 b4 12. Na4 Na7 13. Qc2 c6 14. Rfd1 Qa5 15. Nd2
Qh5 16. e4 Bh3 17. f3 Bh6 18. Qd3 Nd7 19. Rc2 d5 20. Nc5 Rfd8 21. Re1 Rb5 22. f4
Nf6 23. Qe3 e5 24. dxe5 d4 25. Qd3 Ng4 26. Bf3 g5 27. f5 Bf8 28. Rec1 Qh6 29.
Bxg4 Bxg4 30. e6 Bxc5 31. exf7+ Kf8 32. Rxc5 Qh5 33. Bxd4 Rbb8 34. Qe3 Nb5 35.
Bf6 Nc3 36. R5xc3 bxc3 37. Qc5+ Kxf7 38. Qe7+ {Black resigns} 1-0

[Event "Team 45 45 League T54"]
[Site "Internet Chess Club"]
[Date "2012.08.19"]
[Round "1"]
[White "CHENENE"]
[Black "fledermaus"]
[Result "1/2-1/2"]
[WhiteElo "1514"]
[BlackElo "1938"]
[Opening "QGD: Cambridge Springs defense, Bogolyubov variation"]
[ECO "D52"]
[Time "11:01:16"]
[TimeControl "2700+45"]

1. c4 e6 2. Nc3 d5 3. d4 Nf6 4. Bg5 Nbd7 5. e3 c6 6. Nf3 Qa5 7. Nd2 Bb4 8. Qc2
Ne4 9. Ndxe4 dxe4 10. Bf4 e5 11. dxe5 Nxe5 12. Be2 O-O 13. Bxe5 Qxe5 14. Rc1 Be6
15. O-O Bxc3 16. Qxc3 Qxc3 17. Rxc3 Rad8 18. Rc2 c5 19. Rd1 Rxd1+ 20. Bxd1 Rd8
21. Be2 Kf8 22. Kf1 Ke7 23. Ke1 Rd6 {Game drawn by mutual agreement} 1/2-1/2

[Event "Team 45 45 League T54"]
[Site "Internet Chess Club"]
[Date "2012.08.17"]
[Round "1"]
[White "SaltofLife"]
[Black "NAN"]
[Result "0-1"]
[WhiteElo "1954"]
[BlackElo "2020"]
[Opening "King's Indian: Torre attack"]
[ECO "A48"]
[Time "15:00:45"]
[TimeControl "2700+45"]

1. d4 Nf6 2. Nf3 g6 3. Bg5 Bg7 4. Nbd2 O-O 5. e4 d6 6. c3 Nbd7 7. Bc4 e5 8. dxe5
Nxe5 9. Nxe5 dxe5 10. O-O Qe7 11. Qb3 h6 12. Bh4 Qc5 13. Kh1 g5 14. Bg3 Nh5 15.
Rad1 c6 16. a4 a6 17. Qa2 Rb8 18. a5 Bg4 19. f3 Nxg3+ 20. hxg3 Bc8 21. b4 Qe7
22. Nb3 Be6 23. Nc5 Bxc4 24. Qxc4 Rfd8 25. Qe2 Bf8 26. Rxd8 Rxd8 27. Rd1 Rxd1+
28. Qxd1 Qc7 29. Qd7 Qxd7 30. Nxd7 Bd6 31. Nf6+ Kf8 32. Ng4 Kg7 33. Ne3 Kg6 34.
Kg1 Bf8 35. Kf1 c5 36. Nd5 cxb4 37. cxb4 f5 38. g4 fxe4 39. fxe4 h5 40. gxh5+
Kxh5 41. Kf2 Kh4 42. Kf3 g4+ 43. Kf2 Bd6 44. Kf1 Kg3 45. Kg1 Bf8 46. Kf1 Bh6 47.
Nf6 Kf4 48. Nd7 Kxe4 49. Nc5+ Kd5 50. Nxb7 Bf8 51. Kf2 Bxb4 52. Kg3 Kc6 53. Nd8+
Kd7 54. Nf7 Ke6 55. Nd8+ Kf5 56. Nc6 Be1+ 57. Kh2 Kf4 58. Kg1 Bc3 59. Nb8 Bxa5
60. Nxa6 Ke3 61. Kf1 Bd8 62. Nb4 Kd2 63. Nc6 Bf6 64. Na5 e4 65. Nc4+ Kd3 66. Nd6
e3 67. Nf5 e2+ 68. Kf2 g3+ 69. Kxg3 e1=Q+ 70. Kh3 Qf2 71. Ng3 Ke3 72. Kh2 Be5
73. Kh1 Qxg3 {White resigns} 0-1

[Event "Team 45 45 League T54"]
[Site "Internet Chess Club"]
[Date "2012.08.17"]
[Round "1"]
[White "frank001"]
[Black "fishhead"]
[Result "0-1"]
[WhiteElo "1737"]
[BlackElo "1773"]
[Opening "Sicilian defense"]
[ECO "B20"]
[Time "23:20:34"]
[TimeControl "2700+45"]

1. e4 c5 2. a3 e6 3. b4 cxb4 4. axb4 Bxb4 5. Bb2 Nf6 6. e5 Nd5 7. c4 Ne7 8. Na3
Nbc6 9. Nc2 Ba5 10. Qg4 O-O 11. h4 Nf5 12. Bd3 g6 13. h5 d6 14. hxg6 fxg6 15.
exd6 Qxd6 16. Qh3 Rf7 17. O-O-O e5 18. g4 Nfd4 19. Nxd4 Nxd4 20. Be4 Rc7 21. d3
Qf6 22. f3 Be6 23. Kb1 Rb8 24. Ba3 b5 {White resigns} 0-1

[Event "Team 45 45 League T54"]
[Site "Internet Chess Club"]
[Date "2012.08.20"]
[Round "1"]
[White "egyptiantiger"]
[Black "NFork"]
[Result "1-0"]
[WhiteElo "2126"]
[BlackElo "2291"]
[Opening "QGA, 4.Nc3"]
[ECO "D24"]
[Time "14:00:26"]
[TimeControl "2700+45"]

1. d4 d5 2. c4 dxc4 3. Nf3 Nf6 4. Nc3 a6 5. a4 e6 6. e4 Bb4 7. e5 Nd5 8. Bd2 Nc6
9. Bxc4 Nb6 10. Bg5 f6 11. exf6 gxf6 12. Nd2 Bxc3 13. Qh5+ Kd7 14. Qf7+ Kd6 15.
bxc3 Nxd4 16. Bxf6 Nc2+ 17. Kd1 Qf8 18. Be5+ Kxe5 19. Qxc7+ Kf6 20. Kxc2 Qd8 21.
Ne4+ Kg6 22. Qg3+ Kf7 23. Rad1 Qe7 24. Qf4+ Kg8 25. Rd3 h6 26. Rg3+ Kh7 27. Nf6+
{Black resigns} 1-0

[Event "Team 45 45 League T54"]
[Site "Internet Chess Club"]
[Date "2012.08.19"]
[Round "1"]
[White "Logos1"]
[Black "barbak"]
[Result "1/2-1/2"]
[WhiteElo "1970"]
[BlackElo "1948"]
[Opening "Sicilian: dragon variation"]
[ECO "B70"]
[Time "15:02:21"]
[TimeControl "2700+45"]

1. e4 c5 2. Nf3 d6 3. d4 cxd4 4. Nxd4 Nf6 5. Nc3 g6 6. Bc4 Bg7 7. O-O O-O 8. Bb3
Nc6 9. Nxc6 bxc6 10. Bg5 Qa5 11. Qd2 Re8 12. Rad1 Ng4 13. Qf4 Ne5 14. Qh4 Ba6
15. Rfe1 Qc7 16. Re3 Qd7 17. Rg3 Rab8 18. f4 Nc4 19. Rh3 h5 20. f5 Rb7 21. fxg6
fxg6 22. Rg3 Kh7 23. Bc1 Rf8 24. Qg5 Qe6 25. Rf3 Rxf3 26. gxf3 Qf6 27. Qg3 Rb8
28. Bg5 Qe6 29. Kh1 Rf8 30. Ne2 Qd7 31. Rg1 Ne5 32. Nf4 Bf6 33. Nxh5 gxh5 34.
Bxf6 exf6 35. f4 Qg4 36. fxe5 Qxg3 37. Rxg3 fxe5 38. Be6 Bc8 39. Bxc8 Rxc8 40.
Kg2 Rg8 41. Rxg8 Kxg8 42. c4 a5 43. b3 Kf7 44. a3 c5 45. Kf3 Ke6 46. Ke3 Kd7 47.
Ke2 Ke7 48. Kd3 Kd7 49. Kd2 Kc7 50. Kd3 Kd7 51. h4 Kc7 52. Kc3 Kc6 53. Kb2 Kb6
54. Kc3 Kc6 55. Kb2 Kb6 56. Kc3 Kc6 {Game drawn by repetition} 1/2-1/2

[Event "Team 45 45 League T54"]
[Site "Internet Chess Club"]
[Date "2012.08.16"]
[Round "1"]
[White "cheVelle"]
[Black "H2-0"]
[Result "1/2-1/2"]
[WhiteElo "1914"]
[BlackElo "1806"]
[Opening "Caro-Kann: Panov-Botvinnik attack"]
[ECO "B13"]
[Time "19:00:36"]
[TimeControl "2700+45"]

1. e4 c6 2. d4 d5 3. exd5 cxd5 4. c4 Nf6 5. Nc3 Nc6 6. Nf3 Bg4 7. cxd5 Nxd5 8.
Qb3 Bxf3 9. gxf3 Nb6 10. d5 Nd4 11. Qd1 e5 12. dxe6 fxe6 13. Be3 Bc5 14. b4 O-O
15. bxc5 Nxf3+ 16. Ke2 Qf6 17. cxb6 Qxc3 18. Rc1 Qb2+ 19. Qc2 Nd4+ 20. Bxd4 Qxd4
21. Ke1 Rac8 22. Qxc8 Qxf2+ 23. Kd1 Qd4+ 24. Ke1 Qf2+ {Game drawn by mutual
agreement} 1/2-1/2

[Event "Team 45 45 League T54"]
[Site "Internet Chess Club"]
[Date "2012.08.17"]
[Round "1"]
[White "SimplyClaudia"]
[Black "infiniteshug"]
[Result "0-1"]
[WhiteElo "1790"]
[BlackElo "1963"]
[Opening "King's Indian: Four pawns attack"]
[ECO "A68"]
[Time "21:01:18"]
[TimeControl "2700+45"]

1. d4 Nf6 2. c4 g6 3. Nc3 Bg7 4. e4 d6 5. f4 O-O 6. Nf3 c5 7. d5 e6 8. Be2 exd5
9. cxd5 Bg4 10. O-O Nbd7 11. h3 Bxf3 12. Bxf3 Re8 13. g4 h6 14. Kh1 a6 15. a4
Qa5 16. Bd2 Qb6 17. Rb1 c4 18. g5 hxg5 19. fxg5 Nh7 20. h4 Ne5 21. h5 Nd3 22.
Qe2 Re5 23. Qg2 Qd8 24. Rg1 Nxg5 25. Bxg5 Rxg5 26. Qd2 Rxg1+ 27. Rxg1 Be5 28.
Rg4 Kg7 29. hxg6 fxg6 30. Qg2 Qf6 31. Nd1 Ne1 32. Qe2 Rh8+ 33. Kg1 Nxf3+ 34. Kf1
Nh2+ 35. Kg2 Nxg4 36. Qxg4 Rh2+ 37. Kg1 Qf4 38. Qxf4 Bxf4 39. Kf1 Be5 40. Nf2
Rxf2+ 41. Kxf2 Bxb2 42. Ke2 b5 43. axb5 axb5 44. Kd2 b4 45. Kc2 Be5 46. Kd2 b3
47. Kc1 c3 48. Kb1 c2+ 49. Kc1 Bf4+ 50. Kb2 c1=Q+ 51. Kxb3 g5 52. Kb4 g4 53. Kb3
g3 54. Kb4 g2 55. Kb3 g1=Q 56. Kb4 Qb6+ 57. Ka4 Qa1# {White checkmated} 0-1

[Event "Team 45 45 League T54"]
[Site "Internet Chess Club"]
[Date "2012.08.21"]
[Round "1"]
[White "Yedixon"]
[Black "oldsj"]
[Result "1-0"]
[WhiteElo "1653"]
[BlackElo "1643"]
[Opening "Bird: From gambit, Lasker variation"]
[ECO "A02"]
[Time "10:01:24"]
[TimeControl "2700+45"]

1. f4 e5 2. fxe5 d6 3. exd6 Bxd6 4. Nf3 g5 5. g3 g4 6. Nh4 Ne7 7. e4 Ng6 8. Nf5
Ne5 9. Nxd6+ Qxd6 10. Bg2 Nbc6 11. d3 Bd7 12. Bf4 O-O-O 13. c3 Qe7 14. d4 Ng6
15. O-O h5 16. Qd2 f6 17. e5 Nxf4 18. Qxf4 fxe5 19. dxe5 Rdf8 20. Qe3 Rxf1+ 21.
Kxf1 Rf8+ 22. Kg1 Qxe5 23. Qxe5 Nxe5 24. Nd2 Nf3+ 25. Bxf3 gxf3 26. Kf2 Bc6 27.
Re1 Rf5 28. Nb3 Kd7 29. Nd4 Rf6 30. Nxc6 Kxc6 31. Re5 h4 32. g4 h3 33. Re3 Rf4
34. Rxf3 Rxg4 35. Rxh3 Rf4+ 36. Rf3 Rh4 37. Kg3 Rh6 38. h4 Rg6+ 39. Kf4 Rg2 40.
h5 Kd6 41. h6 Ke6 42. Rh3 Rg8 43. h7 Rh8 44. Kg5 Kf7 45. Kh6 Rd8 46. Rf3+ Ke7
47. Kg7 Rd1 48. h8=Q Rg1+ 49. Kh7 Rh1+ 50. Kg8 {Black resigns} 1-0

[Event "Team 45 45 League T54"]
[Site "Internet Chess Club"]
[Date "2012.08.16"]
[Round "1"]
[White "nanning"]
[Black "Bible-Believer"]
[Result "1-0"]
[WhiteElo "1668"]
[BlackElo "1502"]
[Opening "Benkö gambit accepted"]
[ECO "A58"]
[Time "15:00:06"]
[TimeControl "2700+45"]

1. d4 Nf6 2. c4 c5 3. d5 b5 4. cxb5 a6 5. bxa6 g6 6. g3 Bxa6 7. Bg2 d6 8. Nh3
Bg7 9. O-O O-O 10. Nc3 Nbd7 11. Re1 Qa5 12. Bd2 Nb6 13. Qc1 Nc4 14. Bh6 Rfb8 15.
Bxg7 Kxg7 16. b3 Ne5 17. Bf1 Qb4 18. Nf4 Ne4 19. Nxe4 Qxe4 20. Qc3 Qd4 21. Qxd4
cxd4 22. Rec1 Rc8 23. Bh3 Rc3 24. Rxc3 dxc3 25. Rc1 g5 26. Nd3 Bxd3 27. exd3 g4
28. Bf1 Rc8 29. Be2 f5 30. Kg2 Kf6 31. a4 Nd7 32. a5 Ke5 33. b4 Kd4 34. b5 Rc5
35. f3 Ke3 36. d4 gxf3+ 37. Bxf3 Kxd4 38. Be2 c2 39. b6 Rxa5 40. Rxc2 Nxb6 41.
Bf3 Nxd5 42. Rd2+ Kc4 43. Re2 e5 44. Rc2+ Kd3 45. Rc6 e4 46. Bh5 f4 47. Rxd6
Ra2+ 48. Kf1 Kd4 49. gxf4 e3 50. Bf7 Rf2+ 51. Ke1 Rxf4 52. Rxd5+ Ke4 53. Rd7 Rf2
54. h3 Rh2 55. Be6 Kf3 56. Bg4+ Kg3 57. Rxh7 Kf4 58. Rf7+ Ke5 59. Rh7 Kf4 60.
Be2 Kg3 61. Bf1 Kf3 62. h4 e2 63. Rf7+ Kg3 64. Bxe2 Kxh4 65. Rg7 Rh1+ 66. Kf2
Rh2+ 67. Kf3 Rh3+ 68. Kf4 {Black resigns} 1-0

[Event "Team 45 45 League T54"]
[Site "Internet Chess Club"]
[Date "2012.08.18"]
[Round "1"]
[White "Signalman"]
[Black "smsxman"]
[Result "1-0"]
[WhiteElo "1536"]
[BlackElo "1573"]
[Opening "Center game"]
[ECO "C22"]
[Time "04:36:35"]
[TimeControl "2700+45"]

1. e4 e5 2. d4 exd4 3. Qxd4 d6 4. Nc3 Nc6 5. Qe3 Nf6 6. Bd2 Be7 7. O-O-O Ng4 8.
Qe1 Bf6 9. Nd5 Bd4 10. Be3 Be5 11. f3 Nf6 12. f4 Nxd5 13. exd5 Bf6 14. dxc6 bxc6
15. Bd4+ Qe7 16. Qxe7+ Kxe7 17. Nf3 Rd8 18. Bxf6+ Kxf6 19. Re1 g6 20. Bd3 Kg7
21. Re7 Rd7 22. Rhe1 Kf8 23. Re8+ Kg7 24. Ba6 Bxa6 25. Rxa8 Bb5 26. Rxa7 d5 27.
Nd4 Bc4 28. b3 Bb5 29. a4 Bxa4 30. bxa4 c5 31. Nb5 d4 32. Rxc7 Rxc7 33. Nxc7 Kf6
34. a5 {Black resigns} 1-0

[Event "Team 45 45 League T54"]
[Site "Internet Chess Club"]
[Date "2012.08.19"]
[Round "1"]
[White "FlyingTiger"]
[Black "AVEMARIA"]
[Result "1-0"]
[WhiteElo "1773"]
[BlackElo "1702"]
[Opening "French: Burn variation"]
[ECO "C11"]
[Time "16:00:42"]
[TimeControl "2700+45"]

1. e4 e6 2. d4 d5 3. Nc3 Nf6 4. Bg5 dxe4 5. Nxe4 Nbd7 6. Nf3 Be7 7. Nxf6+ Nxf6
8. Bd3 h6 9. Bxf6 Bxf6 10. Qd2 O-O 11. O-O-O Qd5 12. Kb1 b5 13. Qf4 Bb7 14. h4
Rfc8 15. Ne5 c5 16. f3 Bxe5 17. dxe5 Qc6 18. Be4 Qc7 19. Bxb7 Qxb7 20. Rd6 Rd8
21. Rhd1 Rxd6 22. Rxd6 Qc7 23. g4 Rd8 24. g5 hxg5 25. hxg5 c4 26. Qd4 Rxd6 27.
exd6 Qd7 28. Qc5 Kf8 29. Qc7 Ke8 30. Qb8+ Qd8 31. Qxb5+ Qd7 32. Qxc4 Qxd6 33.
Qd3 Qc5 34. Qd2 a5 35. a4 f6 36. gxf6 gxf6 37. Qd3 Ke7 38. Qg6 Qe5 39. Qg7+ Ke8
40. Qb7 Kd8 41. Qb5 Qe1+ 42. Ka2 Qd2 43. c3 Qd5+ 44. Qxd5+ exd5 45. b4 axb4 46.
cxb4 Kc7 47. Kb3 Kb6 48. Kc3 {Black resigns} 1-0

[Event "Team 45 45 League T54"]
[Site "Internet Chess Club"]
[Date "2012.08.17"]
[Round "1"]
[White "Kingofknights"]
[Black "krysto"]
[Result "0-1"]
[WhiteElo "1551"]
[BlackElo "1581"]
[Opening "Nimzo-Indian: 4.e3 O-O, 5.Bd3"]
[ECO "E47"]
[Time "20:30:11"]
[TimeControl "2700+45"]

1. d4 Nf6 2. c4 e6 3. Nc3 Bb4 4. e3 O-O 5. Bd3 c5 6. Ne2 d6 7. O-O Nc6 8. Ne4
cxd4 9. exd4 Nxe4 10. Bxe4 e5 11. d5 Ne7 12. a3 Bc5 13. b4 Bb6 14. Bg5 f5 15.
Bc2 h6 16. Bxe7 Qxe7 17. Bb3 Kh8 18. Rc1 f4 19. c5 Bc7 20. f3 Qg5 21. Rf2 Bf5
22. Nc3 a6 23. Bc2 h5 24. Bxf5 Qxf5 25. Qc2 Qf7 26. Ne4 Qxd5 27. Rd2 Qe6 28.
cxd6 Bb6+ 29. Kf1 Be3 30. Nc5 Qc8 31. d7 Qc6 32. Nxb7 Qxb7 33. Rcd1 Bxd2 34.
Rxd2 Rfd8 35. Qf5 Qb5+ 36. Ke1 e4 37. Qxe4 Re8 38. dxe8=Q+ Rxe8 39. Rd8 Rxd8 40.
Qxf4 Qd3 41. Qf7 Qe3+ {White resigns} 0-1

[Event "Team 45 45 League T54"]
[Site "Internet Chess Club"]
[Date "2012.08.19"]
[Round "1"]
[White "milesotoole"]
[Black "tightfist"]
[Result "0-1"]
[WhiteElo "1608"]
[BlackElo "1687"]
[Opening "French defense"]
[ECO "C01"]
[Time "22:08:53"]
[TimeControl "2700+45"]

1. e4 e6 2. d4 c5 3. c3 cxd4 4. cxd4 Bb4+ 5. Nc3 Nc6 6. Nf3 h6 7. Bd3 Nf6 8. O-O
O-O 9. a3 Bxc3 10. bxc3 d6 11. Bf4 Re8 12. e5 Nd5 13. Qd2 Nxf4 14. Qxf4 dxe5 15.
Qe4 f5 16. Qe3 e4 {White resigns} 0-1

[Event "Team 45 45 League T54"]
[Site "Internet Chess Club"]
[Date "2012.08.19"]
[Round "1"]
[White "Kingpatzer"]
[Black "Berke"]
[Result "1-0"]
[WhiteElo "1445"]
[BlackElo "1499"]
[Opening "Scotch: Göring gambit"]
[ECO "C44"]
[Time "12:58:06"]
[TimeControl "2700+45"]

1. e4 e5 2. Nf3 Nc6 3. d4 exd4 4. c3 d5 5. exd5 Qxd5 6. cxd4 Bg4 7. Nc3 Bb4 8.
Be2 Nf6 9. O-O Bxc3 10. bxc3 O-O 11. c4 Qd6 12. Bb2 Rad8 13. d5 Ne7 14. Qa4 Rfe8
15. c5 Qxd5 16. Bxf6 gxf6 17. Qxg4+ Kh8 18. Rfd1 Qe6 19. Nh4 Qxg4 20. Bxg4 Ng6
21. Nf5 Rxd1+ 22. Rxd1 Ne5 23. Bh5 Kg8 24. f4 Ng6 25. Rd7 Nxf4 {Black resigns}
1-0

[Event "Team 45 45 League T54"]
[Site "Internet Chess Club"]
[Date "2012.08.19"]
[Round "1"]
[White "carokantor"]
[Black "Jack-ONeill"]
[Result "1/2-1/2"]
[WhiteElo "2112"]
[BlackElo "2094"]
[Opening "Nimzo-Indian: Leningrad variation"]
[ECO "E30"]
[Time "14:04:58"]
[TimeControl "2700+45"]

1. d4 Nf6 2. c4 e6 3. Bg5 Bb4+ 4. Nc3 c5 5. d5 h6 6. Bh4 Bxc3+ 7. bxc3 d6 8. Nf3
e5 9. Nd2 g5 10. Bg3 Bf5 11. e3 Nbd7 12. f3 Nf8 13. e4 Bd7 14. Qb3 b6 15. a4 Rb8
16. Be2 Ng6 17. O-O h5 18. Bf2 Nf4 19. Qd1 h4 20. Be3 N6h5 21. Nb3 Kf8 22. Nc1
Kg7 23. Nd3 Rg8 24. Nf2 Qe8 25. a5 bxa5 26. Rxa5 Rb2 27. Re1 Qb8 28. Ra1 Qb6 29.
Bc1 Rb1 30. Rxb1 Qxb1 31. Bxf4 Qxd1 32. Bxe5+ f6 33. Bxf6+ Kxf6 34. Rxd1 Rb8 35.
Nd3 Nf4 36. Nxf4 gxf4 37. Ra1 Ra8 38. Bd1 a5 39. Ba4 Bxa4 40. Rxa4 Ra7 41. Kf2
Ra8 42. g3 fxg3+ 43. hxg3 h3 44. Kg1 Rb8 45. Kh2 Rb3 46. Kxh3 Rxc3 47. Kg4 Ke5
48. Rxa5 Rxc4 49. Ra7 Rb4 50. Re7+ Kd4 51. Kf4 c4 52. Rc7 c3 53. Rxc3 Kxc3 54.
Kf5 Kd4 55. Ke6 Rb3 56. Kxd6 Rxf3 57. e5 Rf5 58. e6 Rxd5+ 59. Kc7 Re5 60. Kd7
Rd5+ 61. Kc7 Re5 62. Kd7 Rd5+ 63. Kc7 Re5 64. Kd7 {Game drawn by repetition}
1/2-1/2

[Event "Team 45 45 League T54"]
[Site "Internet Chess Club"]
[Date "2012.08.18"]
[Round "1"]
[White "Ptzz"]
[Black "The7thGuest"]
[Result "1/2-1/2"]
[WhiteElo "2113"]
[BlackElo "1999"]
[Opening "Budapest: Rubinstein variation"]
[ECO "A52"]
[Time "07:00:35"]
[TimeControl "2700+45"]

1. d4 Nf6 2. c4 e5 3. dxe5 Ng4 4. Bf4 Nc6 5. Nf3 Bb4+ 6. Nbd2 Qe7 7. e3 Ngxe5 8.
Nxe5 Nxe5 9. Be2 d6 10. O-O a5 11. Nb3 a4 12. a3 Bc3 13. bxc3 axb3 14. Qxb3 Nd7
15. Qb5 O-O 16. Bg4 Nc5 17. Bxc8 Rfxc8 18. a4 Ra6 19. a5 h6 20. Ra3 Rca8 21.
Rfa1 b6 22. h3 Qd7 23. Qxd7 Nxd7 24. e4 Rxa5 25. Rxa5 Rxa5 26. Rd1 Rc5 27. Rd4
Ne5 28. Bxe5 dxe5 29. Rd3 Rxc4 30. f3 f6 31. Kf2 Kf7 32. Ke3 Ke7 33. h4 g6 34.
g4 f5 35. g5 hxg5 36. hxg5 fxe4 37. fxe4 c6 38. Kf3 b5 39. Re3 Ra4 40. Ke2 Ra2+
41. Kf3 Kd6 42. Rd3+ Kc5 43. Kg3 Rc2 44. Kg4 Kc4 45. Rd6 c5 46. Rxg6 Kxc3 47.
Rb6 b4 48. g6 Rg2+ 49. Kf5 c4 50. Kxe5 Kb3 51. Kf6 c3 52. g7 c2 53. Rc6 Kb2 54.
e5 c1=Q 55. Rxc1 Kxc1 56. e6 Rxg7 57. Kxg7 b3 58. e7 b2 59. e8=Q b1=Q {Game
drawn by mutual agreement} 1/2-1/2